 Dungeon Crawl Stone Soup version 0.28.0 (webtiles) character file.

Game seed: 7187115716116472859

77 Strat the Insei (level 4, 0/23 HPs)
             Began as a Vine Stalker Monk on Feb 15, 2022.
             Succumbed to a scorpion's poison
             ... on level 3 of the Dungeon.
             The game lasted 00:03:51 (2645 turns).

Strat the Insei (Vine Stalker Monk)                 Turns: 2645, Time: 00:03:52

Health: 0/23       AC:  7    Str: 21    XL:     4   Next: 34%
Magic:  5/5        EV: 12    Int: 10    God:
Gold:   186        SH:  0    Dex: 17    Spells: 3/3 levels left

rFire   . . .      SeeInvis .     - Unarmed
rCold   . . .      Faith    .   (no shield)
rNeg    . . .      Spirit   +   j - +0 ring mail
rPois   .          Reflect  .   (no helmet)
rElec   .          Harm     .   (no cloak)
rCorr   .          Rampage  .   f - +1 pair of gloves
Will    +....                   (no boots)
Stlth   ++........              (no amulet)
HPRegen 0.87/turn               l - ring of willpower
MPRegen 0.09/turn               m - +6 ring of strength

@: lethally poisoned (0 -> -14)
A: fangs 2, regeneration 1, magic shield, antimagic bite, no potion heal 2
a: no special abilities


You were on level 3 of the Dungeon.
You visited 1 branch of the dungeon, and saw 3 of its levels.

You collected 186 gold pieces.

Inventory:

Hand Weapons
 b - a +0 hunting sling
Missiles
 d - 68 stones (quivered)
Armour
 a - a +0 robe
 e - a +0 leather armour
 f - a +1 pair of gloves (worn)
 j - a +0 ring mail (worn)
Jewellery
 l - a ring of willpower (left hand)
 m - a +6 ring of strength (right hand)
Potions
 c - a potion of heal wounds
 g - a potion of brilliance {unknown}
 h - a potion of berserk rage {unknown}


   Skills:
 - Level 2.6 Fighting
 * Level 0.2 Armour
 - Level 2.4 Dodging
 - Level 2.4 Stealth
 + Level 5.0 Unarmed Combat


You had 3 spell levels left.
You didn't know any spells.
Your spell library contained the following spells:

 Spells                   Type           Power      Damage    Failure   Level
 Slow                     Hex            0%         N/A       54%         1
 Sublimation of Blood     Necr           0%         N/A       67%         2
 Call Canine Familiar     Summ           0%         N/A       88%         3
 Confusing Touch          Hex            0%         N/A       88%         3
 Portal Projectile        Hex/Tloc       0%         N/A       88%         3
 Vampiric Draining        Necr           0%         2d6       88%         3
 Leda's Liquefaction      Hex/Erth       0%         N/A       99%         4
 Petrify                  Tmut/Erth      0%         N/A       99%         4
 Blade Hands              Tmut           0%         N/A       100%        5
 Excruciating Wounds      Necr           0%         N/A       100%        5
 Irradiate                Conj/Tmut      0%         3d14      100%        5


Dungeon Overview and Level Annotations

Branches:
Dungeon (3/15)

Altars:


Innate Abilities, Weirdness & Mutations

You have extremely sharp teeth.
Your natural rate of healing is unusually fast.
When hurt, damage is shared between your health and your magic reserves.
Your bite disrupts and absorbs the magic of your enemies.
Potions cannot restore your health.


Message History

No target in view!
No target in view!
No target in view!
You now have 159 gold pieces (gained 8).
You now have 176 gold pieces (gained 17).
You now have 186 gold pieces (gained 10).
You open the door.
There is an open door here.
As you read the scroll labelled IGEILE FELI, it crumbles to dust.
It is a scroll of identify.
c - a potion of heal wounds
As you read the scroll labelled TIR UWUWIU, it crumbles to dust.
It is a scroll of enchant armour.
Your +0 pair of gloves glows green for a moment.
The scorpion stings you.
You are poisoned.
The scorpion poisons you!
You are now empty-handed.
You feel sick.
You barely miss the scorpion.
You bite the scorpion, but do no damage.
You feel very sick. The scorpion stings you.
* * * LOW HITPOINT WARNING * * *
You are more poisoned.
The scorpion poisons you!
You hit the scorpion.
The scorpion is lightly wounded.
You feel very sick. The scorpion misses you.
You hit the scorpion. Your bite misses the scorpion.
The scorpion is moderately wounded.
You feel very sick. The scorpion stings you.
* * * LOW HITPOINT WARNING * * *
You are more poisoned.
The scorpion poisons you!
You hit the scorpion but do no damage. You bite the scorpion.
You drain its power.
You feel invigorated.
The scorpion is heavily wounded.
You die...

................... #.....
.........< #.....
#.#...$..#
#.....###.#......#
#....#....s.....(.
#.##.#.##......##.
#########.##.#.##......#
#......##.##.#s...######
#......#.....@###.#
#......#.##...##....
#......'.......+......
##......#.#.#+#.#........
#)......#.....#.# .......
#.......###.###.# .......
#.......#..)....##########
#......##.#.######.......#
###....##.#.##...#.......#


You could see a scorpion.

Vanquished Creatures
  3 adders (D:2)
  3 worms
  3 orcs (D:3)
  2 ball pythons
  2 bats (D:1)
  3 endoplasms
  A giant cockroach (D:2)
  6 goblins
  2 hobgoblins (D:1)
  8 kobolds
  4 frilled lizards
  2 rats
39 creatures vanquished.

Notes
Turn   | Place    | Note
-------+----------+-------------------------------------------
     0 | D:1      | Strat the Vine Stalker Monk began the quest for the Orb.
     0 | D:1      | Reached XP level 1. HP: 11/11 MP: 2/2
   506 | D:1      | Reached XP level 2. HP: 10/16 MP: 3/3
  1641 | D:2      | Found a faded altar of an unknown god.
  1658 | D:2      | Reached skill level 4 in Unarmed Combat
  1691 | D:2      | Reached XP level 3. HP: 19/19 MP: 4/4
  2100 | D:2      | Gained mutation: Your natural rate of healing is unusually
                  | fast. [Vine Stalker growth]
  2100 | D:2      | Reached XP level 4. HP: 23/23 MP: 5/5
  2539 | D:3      | Reached skill level 5 in Unarmed Combat
  2586 | D:3      | Noticed a scorpion
  2645 | D:3      | Succumbed to a scorpion's poison

Illustrated notes

Levels and vault maps discovered:
D:1:      dpeg_arrival_rooms_with_view, layout_loops_ring
D:2:      minmay_spotlight, layout_basic, shapermc_ecumenical_altar_pompeii
D:3:      layout_basic, minmay_tree_intersection, uniq_ijyb

Skill      XL: |  1  2  3  4 |
---------------+-------------+-----
Unarmed Combat | 4 5 |  5.0
Fighting       | |  2.6
Armour         | |  0.2
Dodging        | |  2.4
Stealth        | |  2.4

Action                   |  1- 3 |  4- 6 || total
-------------------------+-------+-------++-------
Melee: Unarmed           |    53 |    12 ||    65
       Bite              |     6 |     4 ||    10
       Punch             |     1 |     1 ||     2
 Fire: Hunting sling     |    45 |    51 ||    96
  Use: Scroll            |       |     2 ||     2
Armor: Robe              |     3 |       ||     3
       Leather armour    |     6 |       ||     6
       Ring mail         |     2 |     2 ||     4
Dodge: Dodged            |    22 |     4 ||    26
